AoeStats
← kable.xpress

Arabia

504885715Analyzed
1v1 RM · 26d ago on Sep 6, 2026· 42m 49s· 2 players
Game mode
Random Map
Map size
Tiny (2 player)
Population
200
Speed
Normal
Resources
Standard
Victory
Conquest
Starting age
Dark Age
Ending age
Imperial Age
RankedLock teamsTeams togetherTeam positionsShared explorationLock speedFull tech treeHidden civsTurbo modeCheats
Victory
Defeat
🇨🇱 Sicilians · Chile
2144
+19
🇦🇷 Berbers · Argentina
2210
-19
[CL] el castigador
5:35 Loom
8:44 Feudal Age
9:28 Double-Bit Axe
9:45 Horse Collar
19:13 Castle Age
17:30 Gold Mining
18:13 Bloodlines
20:16 Bow Saw
21:25 Fletching
26:36 Wheelbarrow
25:47 Town Watch
28:04 Hand Cart
32:38 Imperial Age
31:05 Gold Shaft Mining
30:20 Stone Mining
30:33 Heavy Plow
30:55 Bloodlines
30:45 Husbandry
31:33 Scale Barding Armor
31:39 Forging
32:41 Chain Barding Armor
31:47 Light Cavalry
33:24 Hauberk
33:40 Conscription
33:57 Plate Barding Armor
33:16 Cavalier
34:21 Scale Mail Armor
34:31 Forging
34:47 Elite Serjeant
35:52 Chain Mail Armor
36:29 First Crusade
37:03 Plate Mail Armor
37:48 Forging
37:50 Squires
37:36 Gambesons
37:36 Arson
39:21 Iron Casting
41:08 Blast Furnace
40:48 Pikeman
41:29 Bodkin Arrow
41:44 Halberdier
kable.xpress
6:40 Loom
8:50 Feudal Age
9:22 Double-Bit Axe
9:40 Horse Collar
18:12 Castle Age
16:59 Fletching
17:38 Bloodlines
18:07 Gold Mining
19:12 Bow Saw
18:59 Bodkin Arrow
20:20 Husbandry
25:41 Wheelbarrow
28:03 Hand Cart
32:18 Imperial Age
30:55 Scale Barding Armor
31:41 Gold Shaft Mining
31:11 Stone Mining
31:59 Heavy Plow
32:28 Chain Barding Armor
32:24 Heavy Camel Rider
33:18 Forging
35:09 Plate Barding Armor
35:56 Iron Casting
36:09 Bracer
38:09 Blast Furnace
38:58 Conscription
39:47 Chemistry
39:07 Ballistics
40:25 Thumb Ring
Connection lost

Rejoining the realm…

Still unreachable

The connection could not be restored.

Session expired

The server has moved on; the page needs a fresh start.